 Dungeon Crawl Stone Soup version 0.18.1-50-g88ac8fd (webtiles) character file.

99 ololoev the Magician (level 4, -4/24 HPs)
             Began as a Deep Elf Earth Elementalist on Dec 5, 2016.
             Slain by an ogre
             ... wielding a +0 giant club
              (25 damage)
             ... on level 4 of the Dungeon.
             The game lasted 00:05:28 (561 turns).

ololoev the Magician (Deep Elf Earth Elementalist)   Turns: 561, Time: 00:05:28

Health: -4/24      AC:  2    Str:  5    XL:     4   Next: 45%
Magic:  7/13       EV: 13    Int: 21    God:
Gold:   60         SH:  0    Dex: 15    Spells: 3 memorised, 8 levels left

rFire  . . .     SeeInvis .     g - scroll of enchant armour {unknown}
rCold  . . .     Gourm    .     a - +0 robe
rNeg   . . .     Faith    .     (no shield)
rPois  .         Spirit   .     (no helmet)
rElec  .         Dismiss  .     (no cloak)
rCorr  .         Reflect  .     (no gloves)
SustAt .         Harm     .     (no boots)
MR     .....                    (no amulet)
Stlth  ++........               (no ring)
                                (no ring)

@: not resistant to hostile enchantments, unstealthy
A: no striking features
a: no special abilities

Inventory:

Armour
 a - a +0 robe (worn)
Scrolls
 e - a scroll of fear {unknown}
 g - a scroll of enchant armour (in hand) {unknown}
 h - a scroll of remove curse {unknown}
 i - a scroll of random uselessness {unknown}
Potions
 f - a potion of flight {unknown}
 j - a potion of degeneration {unknown}
Books
 c - a book of Geomancy

   Spells                             Type                      Level
   a - Sandblast                      Earth                        1
   b - Passwall                       Transmutation/Earth          2
   c - Stone Arrow                    Conjuration/Earth            3
   d - Petrify                        Transmutation/Earth          4
   e - Lee's Rapid Deconstruction     Earth                        5
Comestibles
 b - 4 chunks of flesh
 d - 2 bread rations


   Skills:
 - Level 2.4 Dodging
 - Level 2.4 Stealth
 * Level 5.6 Spellcasting
 + Level 0.0 Conjurations
 - Level 1.1 Transmutations
 + Level 4.1 Earth Magic


You had 8 spell levels left.
You knew the following spells:

 Your Spells              Type           Power        Failure   Level  Hunger
a - Sandblast             Erth           ###...       1%          1    None
b - Stone Arrow           Conj/Erth      ##....       17%         3    ##.....
w - Passwall              Trmt/Erth      ###.......   6%          2    None


You were on level 4 of the Dungeon.
You were not hungry.

You visited 1 branch of the dungeon, and saw 4 of its levels.

You collected 60 gold pieces.

### #<# #.#
########.#######
..........).....
########@#######
#.O.....#
#######.#

Notes
Turn   | Place    | Note
--------------------------------------------------------------
     0 | D:1      | ololoev the Deep Elf Earth Elementalist began the quest for the Orb.
     0 | D:1      | Reached XP level 1. HP: 10/10 MP: 6/6
    79 | D:1      | Reached XP level 2. HP: 8/15 MP: 5/8
    86 | D:2      | Reached skill level 4 in Spellcasting
    95 | D:2      | Learned a level 2 spell: Passwall
   194 | D:2      | Reached XP level 3. HP: 17/19 MP: 1/10
   281 | D:3      | Reached skill level 5 in Spellcasting
   409 | D:2      | Reached XP level 4. HP: 18/24 MP: 0/13
   429 | D:2      | Found a glowing golden altar of the Shining One.
   501 | D:3      | Learned a level 3 spell: Stone Arrow
   507 | D:4      | Noticed an ogre
   561 | D:4      | Slain by an ogre

Dungeon Overview and Level Annotations

Branches:
Dungeon (4/15)
 Temple: D:4-7

Altars:
The Shining One


Message History

a vampiric dagger; a leather armour
Found a bubbling puce potion.
Found a stone staircase leading down.
j - a bubbling puce potion Memorise Stone Arrow, consuming 3 spell levels and leaving 8?
You start memorising the spell.
You continue memorising. x3
You finish memorising.
Spell assigned to 'b'.
There is a stone staircase leading down here.
You climb downwards.
There is a stone staircase leading up here.
Found a club.
An ogre comes into view. It is wielding a giant club.
You swing at nothing.
You swing at nothing.
Wield which item (- for none, * to show all)? (? for menu, Esc to quit)
g - a scroll labeled CEACOW ROXADD (in hand)
You swing at nothing.
You swing at nothing.
You swing at nothing.
You swing at nothing.
You swing at nothing.
You swing at nothing.
You swing at nothing.
You swing at nothing.
You swing at nothing.
You swing at nothing.
You swing at nothing.
You swing at nothing.
You swing at nothing.
Some of the chunks of flesh in your inventory have rotted away.
You swing at nothing.
You swing at nothing.
You swing at nothing.
You swing at nothing.
You swing at nothing.
You swing at nothing.
You swing at nothing.
You swing at nothing.
You swing at nothing.
You swing at nothing.
You swing at nothing.
You swing at nothing.
You swing at nothing.
You swing at nothing.
You swing at nothing.
You swing at nothing.
You swing at nothing.
You swing at nothing.
You swing at nothing.
You swing at nothing.
You swing at nothing.
You swing at nothing.
You swing at nothing.
You swing at nothing.
You swing at nothing.
You swing at nothing.
You swing at nothing.
You swing at nothing.
You swing at nothing.
You swing at nothing.
You swing at nothing.
You swing at nothing.
The ogre shouts!
Casting: Sandblast
Confirm with . or Enter, or press ? or * to list all spells.
Aiming: Stone Arrow
Press: ? - help, Shift-Dir - straight line, f - ogre
Aim: an ogre, wielding a giant club The stone arrow hits the ogre.
The ogre is moderately wounded.
Casting: Stone Arrow
Confirm with . or Enter, or press ? or * to list all spells.
Aiming: Stone Arrow
Press: ? - help, Shift-Dir - straight line, f/p - ogre
Aim: an ogre, wielding a giant club (moderately wounded)
The stone arrow hits the ogre.
The ogre is almost dead.
The ogre hits you with a giant club!!
Ouch! That really hurt!
You die...

You could see an ogre.

Vanquished Creatures
  An orc wizard (D:3)
  A gnoll (D:3)
  2 adders (D:2)
  An ooze (D:1)
  A worm (D:2)
  2 dart slugs
  3 orcs
  2 giant cockroaches (D:2)
  3 goblins (D:2)
  3 hobgoblins
  3 kobolds
  A quokka (D:3)
  A bat (D:2)
  7 rats
31 creatures vanquished.

Action                   |  1- 3 |  4- 6 || total
-------------------------+-------+-------++-------
 Cast: Sandblast         |    46 |     9 ||    55
       Stone Arrow       |       |     2 ||     2
Dodge: Dodged            |    13 |     7 ||    20

Vault maps used:
D:1:      lightli_arrival_windingriver
D:2:      first_bread, minivault_27, tso_metal_star
D:3:      wad_floor_pattern_untrapped, minmay_cut_off
D:4:      minmay_temple_entry_mist, serial_shops, shop
